Map: Traitor's Exile

Players

icarusmaeser - Winner!

  • Race: Protoss Protoss
  • League: Gold
  • Spawn Location: 12:00

Eugenius - Winner!

  • Race: Protoss Protoss
  • Spawn Location: 9:00

Throwfordays

  • Race: Protoss Protoss
  • League: Silver
  • Spawn Location: 5:00

Faust

  • Race: Zerg Zerg
  • League: Diamond
  • Spawn Location: 6:00

VOD

Have the link to the VOD?

Description

Time

  • Played on: April 9, 2019, 5:01 p.m.
  • Length: 22:29
Show
View Real Time Build Order
Export as new Build Order

icarusmaeser Protoss - Winner!

Build Orders: Double Forge, Blink Stalkers 

Get SALT Encoding   

  12  0:09  Probe  
  13  0:17  Probe  
  13  0:18  Pylon  
  13  0:27  Probe  
  15  0:38  Gateway  
  15  0:40  Probe  
  16  0:52  Assimilator, Probe  
  17  1:00  Assimilator, Probe  
  18  1:08  Probe  
  18  1:18  Probe  
  19  1:25  Cybernetics Core  
  20  1:30  Probe  
  21  1:39  Pylon  
  21  1:42  Probe  
  22  1:52  Gateway  
  22  1:54  Probe  
  23  2:03  Stalker  
  25  2:14  Warp Gate  
  25  2:15  Shield Battery  
  25  2:18  Probe  
  26  2:30  Twilight Council  
  26  2:35  Stalker  
  28  2:56  Stalker  
  30  3:18  Nexus  
  30  3:30  Blink  
  30  3:35  Pylon  
  30  3:48  Shield Battery  
  30  3:53  Stalker x2  
  34  4:02  Forge  
  34  4:03  Probe  
  35  4:15  Probe  
  36  4:22  Gateway  
  36  4:30  Probe  
  37  4:41  Protoss Ground Weapons Level 1  
  37  4:42  Probe  
  38  4:49  Nexus  
  38  4:54  Probe  
  38  4:55  Forge  
  39  5:18  Probe  
  39  5:20  Protoss Ground Armor Level 1  
  34  5:23  Stalker  
  34  5:24  Stalker  
  38  5:30  Probe  
  38  5:34  Pylon  
  39  5:39  Pylon, Gateway  
  39  5:52  Probe  
  39  5:54  Stalker  
  42  6:03  Probe  
  43  6:04  Probe  
  43  6:06  Pylon, Shield Battery  
  44  6:15  Probe  
  44  6:16  Probe  
  46  6:18  Assimilator  
  46  6:22  Assimilator  
  46  6:25  Dark Shrine  
  46  6:28  Protoss Ground Weapons Level 2  
  46  6:40  Nexus  
  46  6:44  Probe  
  46  6:45  Probe  
  48  6:52  Shield Battery  
  48  6:58  Gateway x2  
  48  7:18  Protoss Shields Level 1  
  48  7:21  Stalker  
  48  7:22  Stalker  
  52  7:26  Stalker  
  52  7:28  Probe  
  55  7:38  Dark Templar  
  57  7:45  Dark Templar  
  57  7:46  Dark Templar  
  61  7:52  Gateway  
  61  7:56  Dark Templar  
  61  7:57  Probe  
  64  8:05  Dark Templar  
  66  8:07  Archon  
  66  8:09  Dark Templar  
  68  8:17  Dark Templar  
  70  8:23  Robotics Facility, Probe  
  71  8:28  Dark Templar  
  71  8:31  Probe  
  74  8:34  Probe  
  74  8:36  Probe  
  76  8:43  Probe  
  76  8:47  Probe  
  78  8:48  Probe  
  78  8:50  Protoss Ground Armor Level 2  
  79  8:55  Pylon  
  79  8:57  Probe  
  79  8:58  Pylon  
  80  9:05  Dark Templar  
  67  9:18  Dark Templar x2  
  67  9:21  Probe x3  
  67  9:23  Observer  
  62  9:33  Probe  
  62  9:38  Probe x2  
  58  9:39  Observer  
  58  9:45  Probe  
  56  9:50  Probe x2  
  58  10:01  Observer  
  58  10:05  Probe x3  
  62  10:16  Protoss Ground Weapons Level 3  
  62  10:26  Assimilator  
  62  10:30  Assimilator  
  62  10:35  Stalker  
  62  10:37  Probe  
  62  10:41  Probe  
  66  10:48  Probe  
  66  10:49  Probe  
  68  10:51  Probe  
  68  10:56  Probe  
  69  10:57  Probe  
  69  10:59  Probe  
  72  11:05  Probe x2  
  72  11:07  Probe  
  75  11:17  Dark Templar  
  77  11:18  Archon  
  77  11:23  Dark Templar  
  77  11:24  Probe x2  
  81  11:37  Probe x2  
  81  11:38  Probe  
  84  11:49  Probe  
  84  11:50  Probe x2  
  84  11:53  Archon  
  87  11:57  Stalker x2  
  87  11:58  Stalker  
  93  12:01  Probe  
  93  12:02  Probe x2  
  96  12:12  Protoss Shields Level 2  
  90  12:19  Stalker x4  
  90  12:21  Probe x3  
  95  12:33  Probe x2  
  84  12:44  Stalker x3  
  84  12:45  Stalker x4  
  84  12:49  Archon x2, Protoss Ground Armor Level 3  
  84  12:50  Archon  
  101  13:02  Pylon  
  98  13:06  Nexus  
  98  13:23  Stalker x4  
  98  13:24  Stalker  
  98  13:26  Probe x2  
  110  13:33  Probe  
  111  13:38  Probe  
  111  13:40  Observer  
  113  13:53  Assimilator, Probe x3  
  116  13:57  Assimilator  
  116  13:59  Pylon  
  116  14:02  Pylon x2, Observer  
  117  14:04  Gateway  
  117  14:09  Pylon  
  117  14:16  Pylon  
  117  14:17  Probe  
  118  14:18  Stalker  
  118  14:19  Stalker  
  118  14:20  Pylon  
  118  14:23  Observer  
  123  14:24  Observer  
  123  14:28  Gateway  
  123  14:41  Probe x4  
  123  14:44  Immortal  
  123  14:45  Photon Cannon  
  125  14:50  Protoss Shields Level 3  
  120  14:53  Probe x4  
  120  14:58  Photon Cannon  
  124  15:05  Probe x4  
  128  15:17  Nexus  
  128  15:26  Photon Cannon, Probe x4  
  132  16:00  Stalker x5  
  132  16:01  Stalker x3  
  142  16:13  Probe x3  
  145  16:30  Dark Templar x5  
  145  16:31  Dark Templar  
  157  16:56  Stalker x2  
  135  17:19  Stalker x3  
  135  17:20  Stalker x4  
  124  17:34  Shield Battery  
  124  17:36  Shield Battery  
  124  17:38  Stalker  
  124  17:42  Gateway  
  126  17:45  Stalker x3  
  126  17:46  Stalker x4  
  126  17:50  Archon  
  126  17:51  Archon  
  140  17:54  Probe x2  
  140  17:55  Probe  
  140  17:57  Assimilator  
  143  18:02  Assimilator  
  130  18:22  Stalker x2  
  130  18:23  Stalker x5  
  142  18:48  Stalker x2  
  142  18:49  Stalker x5  
  136  19:04  Dark Templar  
  136  19:08  Observer  
  129  19:15  Dark Templar x3  
  129  19:16  Dark Templar x3  
  139  19:18  Probe x2  
  139  19:19  Probe  
  142  19:28  Gateway  
  142  19:31  Gateway  
  142  19:32  Stalker  
  142  19:33  Stalker  
  142  19:35  Probe x2  
  148  19:47  Pylon  
  148  19:49  Pylon, Stalker x6  
  160  19:52  Pylon  
  160  19:54  Archon x3  
  160  19:56  Dark Templar x2  
  160  19:57  Dark Templar  
  166  20:04  Shield Battery  
  166  20:15  Stalker x5  
  166  20:16  Stalker  
  178  20:22  Pylon  
  178  20:25  Pylon  
  178  20:35  Stalker x2  
  178  20:36  Stalker x2  
  186  20:44  Stalker  
  184  21:31  Stalker x5  
  184  21:32  Stalker x4  
  192  21:41  Nexus  
  192  21:44  Assimilator  
  192  21:45  Stalker x2  
  152  22:06  Stalker x5  
  152  22:07  Stalker x4  
  142  22:12  Archon x2  
  128  22:23  Stalker x2  
Show
View Real Time Build Order
Export as new Build Order

Eugenius Protoss - Winner!

Build Orders:  

Get SALT Encoding   

  12  0:01  Probe  
  13  0:13  Probe  
  14  0:19  Pylon  
  14  0:25  Probe  
  15  0:33  Probe  
  15  0:41  Probe  
  15  0:42  Gateway  
  16  0:49  Assimilator  
  17  0:52  Probe  
  18  0:59  Assimilator  
  18  1:01  Probe  
  19  1:09  Probe  
  20  1:19  Probe  
  21  1:28  Pylon  
  21  1:37  Cybernetics Core  
  21  1:40  Probe  
  22  1:52  Gateway  
  22  1:55  Pylon  
  22  1:57  Probe  
  23  2:09  Probe  
  24  2:20  Probe  
  25  2:27  Nexus  
  25  2:28  Probe  
  25  2:33  Warp Gate  
  26  2:41  Shield Battery, Probe  
  27  2:52  Stalker  
  27  2:53  Probe  
  30  3:03  Stalker  
  32  3:09  Probe  
  33  3:13  Stalker  
  33  3:21  Probe  
  33  3:23  Pylon  
  36  3:33  Stalker  
  38  3:42  Probe  
  38  3:45  Pylon  
  39  3:50  Shield Battery  
  39  3:51  Probe  
  40  3:57  Probe  
  40  3:59  Probe  
  41  4:03  Twilight Council  
  41  4:09  Probe x2  
  43  4:17  Robotics Facility  
  44  4:19  Assimilator  
  44  4:21  Probe  
  44  4:22  Probe  
  46  4:25  Stalker  
  46  4:27  Stalker  
  50  4:33  Probe  
  51  4:40  Blink  
  51  5:01  Assimilator  
  51  5:03  Pylon  
  51  5:04  Observer  
  52  5:08  Stalker  
  52  5:09  Stalker  
  56  5:16  Stargate  
  56  5:18  Stargate  
  56  5:22  Pylon  
  46  5:44  Stalker  
  46  5:45  Stalker  
  46  5:49  Gateway  
  50  5:51  Gateway  
  50  5:52  Gateway  
  50  5:57  Pylon  
  50  5:58  Probe x2  
  52  6:04  Observer  
  52  6:08  Void Ray  
  52  6:10  Probe x2  
  52  6:11  Void Ray  
  63  6:24  Pylon  
  63  6:41  Charge  
  63  6:42  Nexus  
  63  6:50  Stalker, Immortal  
  63  6:51  Stalker  
  71  6:57  Void Ray  
  75  7:05  Void Ray  
  75  7:08  Probe  
  80  7:13  Pylon  
  80  7:16  Stalker  
  80  7:20  Probe x2  
  84  7:25  Stalker  
  84  7:29  Assimilator  
  86  7:34  Templar Archives  
  86  7:36  Probe x2  
  88  7:45  Void Ray  
  92  7:53  Psionic Storm, Probe x2  
  92  7:56  Probe  
  95  8:01  Probe x2  
  95  8:05  Void Ray  
  100  8:08  Probe  
  102  8:18  Probe  
  102  8:19  Assimilator  
  102  8:22  Probe x2  
  102  8:26  High Templar  
  107  8:30  High Templar  
  107  8:33  Stalker  
  107  8:34  Probe x2  
  113  8:41  Pylon  
  113  8:48  Nexus  
  113  8:51  Pylon  
  113  8:54  Stalker x2  
  117  9:23  Observer  
  114  9:52  Gateway, Stalker x2  
  116  9:53  Stalker x3  
  116  9:58  Void Ray x2  
  132  10:02  Immortal  
  136  10:10  Gateway  
  136  10:12  Gateway  
  136  10:15  Forge  
  136  10:18  Forge  
  136  10:20  Forge  
  136  10:24  Pylon  
  136  10:26  Assimilator  
  136  10:27  Pylon  
  136  10:30  Assimilator  
  136  10:31  High Templar x2  
  136  10:32  Stalker x3  
  136  10:34  Pylon  
  146  10:41  Observer  
  147  10:43  Robotics Bay  
  147  10:50  Robotics Facility  
  147  10:52  Robotics Facility  
  147  11:09  Zealot x3  
  147  11:10  Zealot x4  
  161  11:12  Zealot  
  149  11:50  Pylon  
  149  11:53  Forge  
  147  11:54  Forge  
  147  11:55  Extended Thermal Lance  
  147  11:56  Colossus x2  
  147  11:58  Colossus  
  163  12:07  Void Ray x2  
  151  12:13  Probe x3  
  151  12:14  Probe  
  139  12:19  Pylon  
  125  12:25  Probe  
  113  12:30  Stalker x4  
  113  12:32  Stalker x3  
  113  12:33  Stalker  
  113  12:35  Protoss Ground Weapons Level 1, Protoss Ground Armor Level 1  
  128  12:37  Protoss Shields Level 1  
  128  12:45  Pylon  
  128  12:47  Shield Battery  
  128  12:49  Shield Battery  
  128  12:53  Shield Battery  
  128  12:54  Shield Battery  
  128  13:05  High Templar x2  
  132  13:06  High Templar  
  132  13:07  Stalker x4  
  142  13:25  Stalker  
  144  13:35  Stalker x2  
  144  13:36  Stalker x2  
  144  13:40  Probe  
  144  13:41  Stalker x2  
  154  13:42  Stalker  
  154  13:48  Colossus, Probe  
  165  13:54  Colossus  
  172  13:56  Observer  
  172  13:58  Probe  
  174  14:10  Probe  
  174  14:12  Pylon  
  174  14:16  Stalker  
  177  14:17  Observer, Stalker  
  177  14:21  Nexus  
  177  14:22  Pylon  
  180  14:26  Pylon  
  180  14:40  Stalker x3  
  180  14:41  Pylon, Stalker x3  
  180  14:43  High Templar  
  180  14:45  High Templar  
  196  14:57  Archon  
  196  15:31  Stalker  
  196  15:32  Nexus, Stalker  
  128  15:51  Protoss Shields Level 2, Protoss Ground Armor Level 2  
  98  15:58  Stalker x3  
  98  15:59  Stalker x5  
  106  16:08  Void Ray x2  
  114  16:16  Protoss Ground Weapons Level 2  
  114  16:19  Colossus x2  
  114  16:21  Colossus  
  126  16:34  Stalker x3  
  126  16:35  Stalker x4  
  105  17:00  Stalker  
  105  17:01  Stalker x3  
  85  17:02  Stalker x4  
  94  17:14  Pylon  
  94  17:17  Void Ray x2  
  102  17:25  Stalker x3  
  102  17:26  Stalker x5  
  118  17:37  Pylon  
  118  17:44  Shield Battery, Probe  
  118  17:45  Shield Battery  
  119  17:52  Probe  
  119  17:56  Stalker  
  119  17:57  Stalker x5  
  72  18:36  Stalker x4  
  72  18:37  Stalker x4  
  72  18:38  Probe  
  72  18:39  Void Ray  
  86  18:47  Probe  
  86  18:55  Probe  
  86  19:01  Stalker  
  86  19:02  Stalker x3  
  95  19:04  Probe  
  95  19:06  Probe  
  96  19:12  Probe  
  96  19:14  Probe  
  98  19:17  Colossus  
  98  19:18  Observer  
  106  19:24  Probe  
  106  19:27  Assimilator  
  106  19:31  Assimilator  
  107  20:04  Stalker x3  
  107  20:06  Stalker  
  115  20:09  Stalker  
  115  20:12  Nexus, Stalker  
  119  20:25  Pylon  
  119  20:30  Stalker x4  
  119  20:31  Stalker  
  119  20:33  Stalker  
  131  20:36  Pylon  
  120  20:51  Stalker x2  
  120  21:07  High Templar x3  
  124  21:37  Stalker x2  
  124  21:38  Stalker x3  
  113  22:26  Stalker  
  113  22:27  Stalker x6  
  113  22:28  Stalker  
Show
View Real Time Build Order
Export as new Build Order

Throwfordays Protoss 

Build Orders: Carriers 

Get SALT Encoding   

  12  0:01  Probe  
  13  0:13  Probe  
  14  0:18  Pylon  
  14  0:25  Probe  
  15  0:37  Probe  
  16  0:47  Gateway  
  16  0:51  Probe  
  16  0:53  Assimilator  
  16  1:04  Probe  
  16  1:11  Forge  
  17  1:20  Probe  
  18  1:27  Assimilator  
  19  1:32  Probe  
  19  1:36  Cybernetics Core  
  19  1:45  Probe  
  20  1:57  Probe  
  21  2:09  Probe  
  21  2:13  Stargate  
  22  2:17  Pylon  
  22  2:21  Pylon  
  22  2:24  Probe  
  23  2:30  Robotics Facility  
  23  2:44  Pylon  
  23  2:52  Stargate  
  23  3:18  Warp Prism  
  25  3:24  Photon Cannon  
  25  3:26  Photon Cannon  
  25  3:31  Probe  
  26  3:36  Void Ray  
  30  3:52  Void Ray  
  34  4:23  Nexus  
  34  4:27  Pylon  
  34  4:30  Warp Gate  
  34  4:44  Probe  
  34  4:52  Probe  
  35  4:53  Void Ray  
  36  5:02  Probe  
  41  5:14  Probe  
  42  5:26  Probe  
  43  5:32  Nexus  
  43  5:35  Probe  
  44  5:43  Probe  
  45  5:51  Probe  
  46  6:02  Void Ray, Probe  
  51  6:14  Protoss Air Weapons Level 1, Probe  
  51  6:18  Gateway, Protoss Shields Level 1  
  52  6:25  Twilight Council  
  52  6:26  Probe  
  53  6:38  Probe  
  54  6:44  Probe  
  54  6:46  Pylon  
  55  6:48  Probe  
  55  6:49  Pylon  
  55  6:51  Pylon  
  56  6:56  Probe x2  
  58  7:01  Pylon  
  58  7:04  Assimilator, Probe  
  58  7:07  Probe  
  58  7:08  Assimilator  
  60  7:09  Assimilator  
  60  7:12  Assimilator  
  60  7:15  Probe  
  60  7:17  Probe  
  62  7:23  Probe, Dark Shrine  
  62  7:29  Void Ray  
  67  7:34  Probe  
  68  7:37  Void Ray  
  72  7:52  Cybernetics Core  
  72  7:56  Probe  
  72  7:57  Fleet Beacon  
  72  7:59  Probe  
  72  8:04  Probe  
  74  8:07  Probe  
  76  8:14  Probe  
  76  8:16  Probe  
  78  8:21  Void Ray  
  82  8:28  Probe  
  83  8:40  Dark Templar  
  83  8:41  Probe  
  84  8:50  Dark Templar  
  84  8:53  Dark Templar  
  88  9:24  Void Ray  
  88  9:30  Void Ray  
  92  10:05  Stargate  
  92  10:06  Probe  
  92  10:07  Stargate  
  92  10:09  Probe  
  94  10:14  Probe  
  94  10:17  Probe  
  96  10:24  Void Ray, Probe  
  96  10:27  Probe  
  102  10:38  Probe  
  102  10:41  Probe  
  103  10:46  Probe  
  103  10:48  Void Ray  
  103  10:49  Probe  
  108  10:54  Probe  
  110  10:59  Protoss Air Weapons Level 2, Probe  
  112  11:06  Protoss Air Armor Level 1  
  112  11:11  Probe  
  113  11:17  Pylon  
  113  11:19  Pylon  
  113  11:21  Pylon  
  113  11:23  Pylon  
  113  11:26  Pylon, Void Ray  
  113  11:27  Pylon  
  117  11:35  Void Ray x2  
  125  11:42  Pylon  
  125  11:44  Pylon  
  125  11:46  Pylon  
  125  11:52  Carrier  
  115  12:43  Carrier x3  
  133  12:46  Probe  
  134  12:54  Protoss Shields Level 2, Nexus  
  134  12:56  Assimilator  
  134  13:00  Assimilator  
  134  13:03  Pylon  
  134  13:06  Pylon, Carrier  
  134  13:11  Protoss Air Armor Level 2  
  140  13:23  Observer  
  141  13:32  Photon Cannon  
  141  13:34  Photon Cannon  
  141  13:36  Probe  
  141  13:38  Photon Cannon  
  141  13:39  Probe  
  143  13:42  Photon Cannon  
  143  13:44  Observer  
  143  13:48  Probe  
  145  13:52  Carrier, Probe  
  145  13:54  Carrier  
  158  14:00  Probe  
  159  14:03  Probe  
  159  14:04  Probe  
  161  14:12  Probe  
  162  14:21  Probe  
  163  14:24  Dark Templar x2  
  163  14:31  Carrier  
  173  14:33  Probe  
  174  14:46  Probe  
  173  14:59  Carrier  
  189  15:00  Carrier x2  
  189  15:19  Probe  
  189  15:21  Protoss Air Weapons Level 3  
  189  15:27  Probe  
  191  15:37  Probe  
  188  15:49  Probe  
  147  16:01  Probe  
  160  16:11  Carrier x3  
  160  16:12  Carrier  
  172  16:30  Zealot x2  
  144  17:28  Carrier x3  
  144  17:29  Carrier  
  162  18:09  Nexus  
  134  18:28  Protoss Shields Level 3  
  134  18:33  Stargate  
  134  18:34  Stargate  
  134  18:38  Stargate  
  134  18:47  Void Ray  
  134  18:48  Void Ray  
  138  18:49  Protoss Air Armor Level 3  
  135  19:13  Nexus  
  135  19:17  Nexus  
  135  19:27  Probe  
  135  19:30  Assimilator  
  136  19:34  Assimilator  
  136  19:37  Pylon  
  136  19:38  Void Ray x4  
  140  19:39  Probe  
  140  19:41  Pylon  
  153  19:51  Probe  
  154  19:57  Warp Prism  
  156  20:03  Probe  
  156  20:06  Void Ray  
  161  20:15  Probe  
  162  20:32  Probe  
  157  21:04  Void Ray x2  
  157  21:05  Void Ray x3  
  153  21:38  Nexus  
Show
View Real Time Build Order
Export as new Build Order

Faust Zerg 

Build Orders: Hatch First 

Get SALT Encoding   

  12  0:00  Drone  
  13  0:08  Drone  
  14  0:15  Extractor  
  14  0:17  Drone  
  15  0:23  Overlord  
  15  0:42  Drone x2  
  17  0:55  Hatchery  
  16  0:57  Drone  
  16  1:00  Extractor  
  16  1:02  Drone  
  17  1:17  Spawning Pool  
  16  1:20  Drone  
  16  1:24  Drone  
  18  1:28  Drone  
  19  1:38  Overlord  
  19  2:04  Queen  
  19  2:06  Metabolic Boost  
  19  2:07  Queen  
  23  2:10  Zergling x2  
  23  2:12  Zergling x2  
  25  2:20  Zergling x4  
  27  2:25  Overlord  
  27  2:29  Drone  
  28  2:33  Drone  
  28  2:36  Drone  
  30  2:52  Lair  
  30  2:53  Drone x2  
  32  3:02  Drone x3  
  34  3:12  Drone x2  
  35  3:16  Drone  
  36  3:20  Spore Crawler  
  36  3:22  Zergling x2  
  36  3:23  Zergling x6  
  38  3:30  Zergling x2  
  38  3:31  Zergling x2  
  38  3:32  Zergling x2  
  41  3:35  Overlord  
  40  3:51  Drone  
  41  3:55  Hydralisk Den  
  41  3:56  Extractor, Drone x3  
  41  3:57  Drone x3  
  45  4:09  Overseer  
  45  4:23  Zergling x14  
  52  4:27  Overlord  
  48  4:47  Hatchery, Pneumatized Carapace  
  48  4:51  Zergling x10  
  52  5:01  Overlord  
  52  5:03  Overlord  
  52  5:04  Overlord  
  52  5:07  Grooved Spines  
  51  5:16  Zergling x2  
  51  5:17  Zergling x4  
  48  5:21  Zergling x6  
  49  5:32  Drone x5  
  49  5:33  Drone, Overlord  
  55  5:40  Evolution Chamber  
  55  5:41  Evolution Chamber  
  52  5:44  Overseer  
  50  5:53  Zergling x4  
  50  5:54  Zergling x4  
  51  6:03  Zergling x6  
  51  6:04  Zergling x4  
  56  6:07  Zerg Melee Weapons Level 1  
  56  6:08  Zerg Missile Weapons Level 1  
  56  6:10  Hydralisk x2  
  60  6:19  Hydralisk x3  
  60  6:24  Drone x2  
  68  6:31  Drone x2  
  70  6:33  Overlord x2  
  70  6:37  Drone  
  71  6:47  Hydralisk  
  71  6:49  Drone  
  71  6:50  Overlord  
  71  6:51  Zergling x2  
  75  6:58  Drone  
  75  6:59  Drone x5  
  81  7:04  Queen  
  83  7:11  Spire  
  83  7:13  Infestation Pit  
  81  7:29  Hydralisk  
  83  7:30  Overlord x2  
  83  7:36  Extractor  
  83  7:37  Drone x4  
  84  7:38  Extractor, Drone x3  
  84  7:39  Drone  
  88  7:47  Extractor  
  88  7:48  Extractor  
  88  7:50  Drone x3  
  88  7:51  Drone x3  
  92  7:52  Overlord  
  92  8:03  Drone x4  
  96  8:11  Hatchery  
  95  8:17  Zerg Melee Weapons Level 2, Zerg Missile Weapons Level 2  
  95  8:20  Drone x4  
  95  8:21  Drone x4  
  103  8:28  Hive  
  103  8:30  Burrow  
  103  8:47  Overlord  
  103  8:52  Hydralisk x3  
  103  8:53  Hydralisk x5  
  106  9:20  Hydralisk  
  106  9:21  Hydralisk x8  
  115  9:30  Muscular Augments  
  115  9:37  Hydralisk x3  
  119  9:49  Hydralisk  
  121  9:53  Overlord x3  
  121  9:54  Zergling x2  
  121  9:59  Overlord x2  
  122  10:09  Greater Spire  
  122  10:27  Zergling x28  
  122  10:28  Zergling x8  
  140  10:29  Extractor  
  140  10:33  Hatchery  
  138  10:39  Zerg Missile Weapons Level 3, Zerg Melee Weapons Level 3  
  138  10:41  Adrenal Glands  
  138  10:46  Drone x3  
  141  10:54  Drone x3  
  144  11:03  Overlord  
  144  11:13  Extractor  
  108  11:37  Hydralisk  
  108  11:38  Hydralisk x6  
  108  11:39  Hydralisk x7  
  106  11:58  Hydralisk x8  
  106  11:59  Hydralisk x2  
  115  12:02  Overseer  
  101  12:10  Hydralisk  
  88  12:19  Hydralisk  
  88  12:20  Hydralisk x2  
  71  12:30  Hydralisk  
  69  12:40  Zergling x2  
  70  12:55  Extractor  
  70  12:57  Extractor  
  68  13:00  Extractor  
  68  13:01  Hatchery  
  66  13:06  Extractor  
  61  13:17  Overlord x3  
  61  13:18  Overseer  
  56  13:24  Zergling x8  
  56  13:28  Hatchery  
  55  13:35  Queen  
  57  13:46  Drone x2  
  59  13:56  Zerg Ground Armor Level 1  
  59  13:59  Corruptor  
  61  14:07  Corruptor  
  63  14:39  Brood Lord  
  63  14:42  Brood Lord  
  63  14:45  Drone x6  
  72  14:46  Drone  
  72  14:50  Queen  
  76  15:02  Drone x2  
  76  15:03  Drone x4  
  82  15:10  Drone  
  82  15:13  Overlord  
  83  15:14  Overlord  
  83  15:25  Lurker Den  
  82  15:47  Hatchery  
  65  16:05  Corruptor x4  
  65  16:10  Spine Crawler  
  65  16:11  Spine Crawler  
  59  16:26  Corruptor x3  
  61  17:03  Brood Lord  
  63  17:19  Drone x3  
  65  18:20  Brood Lord  
  32  18:48  Brood Lord  
  32  19:31  Hatchery  
  31  19:43  Drone  
  31  19:44  Drone x4  
  29  21:16  Hatchery  
Tags
 
Add a new tag
Caveats
  • Supply blocks, unpowered buildings, or Contaminate may cause inaccurate times.
  • Supply counts are checked every 10 seconds.